 Dungeon Crawl Stone Soup version 0.23-a0-470-g6f7cfd9 (webtiles) character file.

145 tilp the Chiller (level 5, -2/35 HPs)
             Began as a Merfolk Ice Elementalist on Nov 26, 2018.
             Killed from afar by an orc wizard (9 damage)
             ... with a magic dart
             ... on level 3 of the Dungeon.
             The game lasted 00:08:04 (2990 turns).

tilp the Chiller (Merfolk Ice Elementalist)         Turns: 2990, Time: 00:08:05

Health: -2/35      AC:  2    Str:  9    XL:     5   Next: 27%
Magic:  5/8        EV: 13    Int: 15    God:
Gold:   57         SH:  0    Dex: 14    Spells: 2/8 levels left

rFire    . . .     SeeInvis .   h - +0 whip (venom)
rCold    . . .     Gourm    .   (no shield)
rNeg     . . .     Faith    .   a - +0 robe
rPois    .         Spirit   .   (no helmet)
rElec    .         Reflect  .   (no cloak)
rCorr    .         Harm     .   (no gloves)
MR       .....                  (no boots)
Stlth    ++........             (no amulet)
HPRegen  0.11/turn              (no ring)
MPRegen  0.11/turn              (no ring)

@: lethally poisoned (-2 -> -5), very slightly contaminated
A: change form in water, swift swim, stealthy swim
a: no special abilities


You were on level 3 of the Dungeon.
You were hungry.

You visited 1 branch of the dungeon, and saw 3 of its levels.

You collected 57 gold pieces.

Inventory:

Hand Weapons
 h - a +0 whip of venom (weapon)
 j - a +1 hand axe of chopping
 k - a +0 spear
Missiles
 f - 40 stones
 o - 2 javelins (quivered)
Armour
 a - a +0 robe (worn)
Scrolls
 e - 2 scrolls of identify {unknown}
 g - 2 scrolls of remove curse {unknown}
 i - a scroll of random uselessness {unknown}
 m - a scroll of teleportation {unknown}
 p - a scroll of blinking {unknown}
Potions
 b - a potion of brilliance {unknown}
 d - a potion of agility {unknown}
 l - a potion of degeneration {unknown}
Comestibles
 c - 3 rations
 n - 4 chunks of flesh


   Skills:
 - Level 2.6 Dodging
 - Level 2.1 Stealth
 - Level 2.0 Spellcasting
 - Level 0.7 Conjurations
 + Level 6.4 Ice Magic


You had 2 spell levels left.
You knew the following spells:

 Your Spells              Type           Power        Failure   Level  Hunger
a - Freeze                Ice            ###.         1%          1    #......
b - Throw Frost           Conj/Ice       ##....       8%          2    ###....
c - Ozocubu's Armour      Chrm/Ice       ##......     19%         3    ###....

Your spell library contained the following spells:

 Spells                   Type           Power        Failure   Level  Hunger
 Throw Icicle             Conj/Ice       ##......     45%         4    #####..
 Summon Ice Beast         Ice/Summ       ##......     52%         4    #####..


Dungeon Overview and Level Annotations

Branches:
Dungeon (3/15)

Altars:
Elyvilon
Kikubaaqudgha


Message History

The orc is heavily wounded.
The orc barely misses you.
You closely miss the orc.
The orc is heavily wounded.
The orc wizard casts a spell.
The orc wizard seems to speed up.
The orc misses you.
You barely miss the orc.
The orc is heavily wounded.
You feel sick.
The orc wizard mumbles some strange words.
The orc wizard blinks!
The orc hits you with a +0 flail!
* * * LOW HITPOINT WARNING * * *
You hit the orc.
The orc is poisoned.
The orc is almost dead.
You kill the orc!
The orc wizard hits you but does no damage.
You barely miss the orc wizard. The orc wizard casts a spell at you.
The magic dart hits you!
You die...

#.# .#####
####.#########..[..#
#....#........##.#
#....#........##.#
...............#.#
#...#.........o#.###
#...#.##.o#....o...#
'.[.........>#.#o#.#
#...#.#.#.#..#o#@#
#...#....o.....#.#
#...############.#
#...# #. #.# #...#
#.# #.# o.... ...
#.# #####.
#.######.#
#.#........#
#......#####


You could see 2 orc wizards and an orc.

Vanquished Creatures
  A worker ant (D:3)
  3 gnolls (D:2)
  3 adders (D:2)
  2 worms (D:2)
  2 dart slugs (D:1)
  A leopard gecko (D:3)
  An orc (D:3)
  4 giant cockroaches
  3 goblins
  7 hobgoblins
  6 jackals
  6 kobolds
  A quokka (D:2)
  5 bats
  6 frilled lizards
  5 rats
56 creatures vanquished.

Notes
Turn   | Place    | Note
-------+----------+-------------------------------------------
     0 | D:1      | tilp the Merfolk Ice Elementalist began the quest for the
                  | Orb.
     0 | D:1      | Reached XP level 1. HP: 13/13 MP: 3/3
   132 | D:1      | Reached XP level 2. HP: 19/19 MP: 3/5
   140 | D:1      | Learned a level 2 spell: Throw Frost
   219 | D:1      | Reached skill level 4 in Ice Magic
   790 | D:1      | Reached XP level 3. HP: 18/24 MP: 0/6
  1033 | D:1      | Learned a level 3 spell: Ozocubu's Armour
  1388 | D:2      | Found an ancient bone altar of Kikubaaqudgha.
  1390 | D:2      | Found a white marble altar of Elyvilon.
  1618 | D:2      | Reached skill level 5 in Ice Magic
  1642 | D:2      | Reached XP level 4. HP: 29/30 MP: 0/7
  2585 | D:2      | Reached skill level 6 in Ice Magic
  2904 | D:3      | Reached XP level 5. HP: 32/35 MP: 8/8
  2990 | D:3      | Killed from afar by an orc wizard

Vault maps used:
D:1:      psy_arrival_dodecagon, kennysheep_another_room
D:2:      minmay_door_path, nicolae_overflow_hidden_temple
D:3:      eat_drink_and_be_merry_uskayaw

Skill      XL: |  1  2  3  4 |
---------------+-------------+-----
Ice Magic      | 4 5 6 |  6.4
Dodging        | |  2.6
Stealth        | |  2.1
Spellcasting   | |  2.0
Conjurations   | |  0.7

Action                   |  1- 3 |  4- 6 || total
-------------------------+-------+-------++-------
Melee: Hand axe          |    13 |    28 ||    41
       Club              |     5 |       ||     5
       Whip              |       |    33 ||    33
Throw: Javelin           |     4 |     4 ||     8
 Cast: Freeze            |    42 |    16 ||    58
       Ozocubu's Armour  |     2 |     3 ||     5
       Throw Frost       |       |     1 ||     1
 Stab: Sleeping          |       |     2 ||     2
  Eat: Chunk             |     3 |     5 ||     8
Armor: Robe              |     6 |     9 ||    15
Dodge: Dodged            |    28 |    57 ||    85

Table legend:
 A = Non-vault XP
 B = Vault XP
 C = Vault XP percentage of total XP
 D = Non-vault monster count
 E = Vault monster count
 F = Vault count percentage of total count
                 A         B        C        D         E       F
            +---------+---------+-------+---------+---------+-------
      Total |     195 |      13 |   6.2 |      55 |       1 |   1.8
            +---------+---------+-------+---------+---------+-------
        D:1 |      36 |       0 |   0.0 |      18 |       0 |   0.0
        D:2 |     109 |      13 |  10.7 |      27 |       1 |   3.6
        D:3 |      50 |       0 |   0.0 |      10 |       0 |   0.0
            +---------+---------+-------+---------+---------+-------
